 Dungeon Crawl Stone Soup version 0.24-a0-652-g46ecf6da75 (webtiles) character file.

Game seed: 855176550713849179, levelgen mode: deterministic

41 seIthillrisiriel the Ruffian (level 3, -1/30 HPs)
             Began as a Ghoul Warper on Sept 26, 2019.
             Slain by a gnoll
             ... wielding a +0 flail
              (3 damage)
             ... on level 2 of the Dungeon.
             The game lasted 00:17:32 (1004 turns).

seIthillrisiriel the Ruffian (Ghoul Warper)         Turns: 1004, Time: 00:17:33

Health: -1/30      AC:  3    Str: 14    XL:     3   Next: 52%
Magic:  4/4        EV: 11    Int:  8    God:
Gold:   43         SH:  0    Dex:  9    Spells: 5/5 levels left

rFire    . . .     SeeInvis .     - Unarmed
rCold    + . .     Gourm    .   (no shield)
rNeg     + + +     Faith    .   a - +0 leather armour
rPois    ∞         Spirit   .   (no helmet)
rElec    .         Reflect  .   (no cloak)
rCorr    .         Harm     .   (no gloves)
MR       .....                  (no boots)
Stlth    +.........             (no amulet)
HPRegen  0.00/turn              (no ring)
MPRegen  0.09/turn              (no ring)

@: rotting
A: rotting body, claws 1, carnivore, cold resistance 1, negative energy
resistance 3, inhibited regeneration, torment resistance, unbreathing
a: no special abilities


You were on level 2 of the Dungeon.
You were not hungry.

You visited 1 branch of the dungeon, and saw 2 of its levels.

You collected 43 gold pieces.

Inventory:

Missiles
 d - 5 boomerangs of dispersal (quivered)
 g - 24 stones
 h - 55 sling bullets
 m - 15 bolts
Armour
 a - a +0 leather armour (worn)
Jewellery
 n - an uncursed ring of resist corrosion {unknown}
Scrolls
 c - 2 scrolls of blinking
 e - a scroll of enchant armour {unknown}
 j - 2 scrolls of fog {unknown}
 k - a scroll of enchant weapon {unknown}
 o - a scroll of noise {unknown}
Potions
 b - a potion of invisibility {unknown}
 l - a potion of mutation {unknown}
Comestibles
 f - 2 rations


   Skills:
 + Level 2.4 Fighting
 + Level 1.3 Throwing
 - Level 0.8 Armour
 - Level 1.7 Dodging
 * Level 1.3 Stealth
 * Level 3.4 Unarmed Combat
 - Level 1.7 Spellcasting
   Level 2.6 Translocations


You had 5 spell levels left.
You didn't know any spells.
Your spell library contained the following spells:

 Spells                   Type           Power        Failure   Level  Hunger
 Blink                    Tloc           N/A          22%         2    ###....
 Shroud of Golubria       Chrm/Tloc      #.....       36%         2    ###....
 Gell's Gravitas          Tloc           #.........   41%         3    ####...
 Lesser Beckoning         Tloc           #.........   41%         3    ####...
 Teleport Other           Tloc           #.......     41%         3    ####...
 Passage of Golubria      Tloc           N/A          83%         4    #####..


Dungeon Overview and Level Annotations

Branches:
Dungeon (2/15)

Altars:


Innate Abilities, Weirdness & Mutations

Your body is rotting away.
You thrive on raw meat.
You are immune to poison.
You have sharp fingernails.
You are carnivorous and can eat meat at any time.
Your flesh is cold resistant. (rC+)
You are immune to negative energy. (rN+++)
You do not regenerate when monsters are visible.
You are immune to unholy pain and torment.
You can survive without breathing.


Message History

* * * LOW HITPOINT WARNING * * *
There is an open door here.
You barely miss the gnoll.
The gnoll is almost dead.
The gnoll barely misses you.
You scratch the gnoll.
The gnoll is almost dead.
The gnoll hits you with a +0 club.
* * * LOW HITPOINT WARNING * * *
You eat one of the 3 rations.
That ration really hit the spot!
The gnoll closely misses you.
You scratch the gnoll.
The gnoll is almost dead.
The gnoll closely misses you.
You scratch the gnoll.
You kill the gnoll!
You scratch the gnoll.
The gnoll is almost dead.
The gnoll hits you with a +0 flail.
You die...

##.......g## ##
##.....#.g#
##...##♣g♣ ##'##
#.# #..♣#♣.♣#♣##
#......g..g#
#.#♣#♣.♣#♣g# ....
...###g###.#
#..#...♣.♣.@<....#
#..##.##.#########
#.. ####.# ... #.#
.... #.#


You could see 3 gnolls.

Vanquished Creatures
  A gnoll (D:2)
  An ooze (D:2)
  8 bats (D:1)
  A giant cockroach (D:1)
  5 goblins (D:1)
  3 hobgoblins (D:1)
  A quokka (D:2)
  A ball python (D:1)
  2 frilled lizards (D:1)
  2 kobolds (D:1)
  3 rats (D:1)
28 creatures vanquished.

Notes
Turn   | Place    | Note
-------+----------+-------------------------------------------
     0 | D:1      | seIthillrisiriel the Ghoul Warper began the quest for the
                  | Orb.
     0 | D:1      | Reached XP level 1. HP: 17/17 MP: 2/2
   157 | D:1      | Reached skill level 1 in Throwing
   303 | D:1      | Reached XP level 2. HP: 20/22 MP: 3/3
   387 | D:1      | Reached skill level 1 in Stealth
   399 | D:1      | Reached skill level 3 in Unarmed Combat
   577 | D:1      | Reached XP level 3. HP: 27/29 MP: 4/4
  1004 | D:2      | Slain by a gnoll

Levels and vault maps discovered:
D:1:      dpeg_arrival_water_temple_mockup, layout_loops_ring,
          minmay_misc_feat_diagonals, minmay_pentomino_z4
D:2:      layout_loops_corners, nicolae_dithmenos_shadow_blocks, serial_forest,
          infiniplex_forest_fountain, infiniplex_forest_lined_4_way,
          infiniplex_forest_straight_4, infiniplex_forest_straight_4,
          first_ration, minmay_rat_hole, uniq_crazy_yiuf_cottage

Skill      XL: |  1  2 |
---------------+-------+-----
Throwing       | 1 |  1.3
Stealth        | 1 |  1.3
Unarmed Combat | 3 |  3.4
Fighting       | |  2.4
Armour         | |  0.8
Dodging        | |  1.7
Spellcasting   | |  1.7
Translocations | |  2.6

Action                   || total
-------------------------++-------
Melee: Unarmed           ||    94
  Eat: Chunk             ||     5
       Ration            ||     1
Armor: Leather armour    ||    38
Dodge: Dodged            ||    63

Table legend:
 A = Non-vault XP
 B = Vault XP
 C = Vault XP percentage of total XP
 D = Non-vault monster count
 E = Vault monster count
 F = Vault count percentage of total count
                 A         B        C        D         E       F
            +---------+---------+-------+---------+---------+-------
      Total |      58 |       1 |   1.7 |      27 |       1 |   3.6
            +---------+---------+-------+---------+---------+-------
        D:1 |      35 |       1 |   2.8 |      24 |       1 |   4.0
        D:2 |      23 |       0 |   0.0 |       3 |       0 |   0.0
            +---------+---------+-------+---------+---------+-------
